 Dungeon Crawl Stone Soup version 0.27-a0-909-g0721f309d1 (webtiles) character file.

Game seed: 13295140472735360927

4232 Dreamer the Fighter (level 10, -8/124 HPs)
             Began as a Barachi Berserker on Apr 8, 2021.
             Was an Elder of Trog.
             Mangled by a two-headed ogre
             ... wielding a +0 vorpal dire flail
              (13 damage)
             ... on level 9 of the Dungeon.
             The game lasted 00:18:12 (9678 turns).

Dreamer the Fighter (Barachi Berserker)             Turns: 9678, Time: 00:18:12

Health: -8/124     AC: 14    Str: 19    XL:     10   Next: 30%
Magic:  10/10      EV: 15    Int:  8    God:    Trog [****..]
Gold:   296        SH:  0    Dex: 14    Spells: 9/9 levels left

rFire    . . .     SeeInvis .   s - +2 whip (flame)
rCold    . . .     Faith    .   (no shield)
rNeg     . . .     Spirit   .   n - +0 chain mail
rPois    .         Reflect  .   (no helmet)
rElec    .         Harm     .   g - +0 cloak
rCorr    .         Rampage  .   (no gloves)
Will     .....                  o - +0 pair of boots
Stlth    ..........             v - amulet of the acrobat
HPRegen  0.30/turn              t - +4 ring of evasion
MPRegen  0.12/turn              (no ring)

@: berserking, very quick
A: +LOS, amphibious, slowness 1, strong legs 1
a: Hop, Renounce Religion, Berserk, Trog's Hand, Brothers in Arms


You were on level 9 of the Dungeon.
You worshipped Trog.
Trog was greatly pleased with you.
You visited 2 branches of the dungeon, and saw 10 of its levels.

You collected 296 gold pieces.

Inventory:

Hand Weapons
 s - a +2 whip of flaming (weapon)
Missiles
 p - a throwing net
 G - 3 boomerangs of dispersal
Armour
 g - a +0 cloak (worn)
 n - a +0 chain mail (worn)
 o - a +0 pair of boots (worn)
Jewellery
 t - a +4 ring of evasion (left hand)
 v - an amulet of the acrobat (around neck)
Wands
 a - a wand of flame (18)
 B - a wand of iceblast (10)
 C - a wand of charming (9)
 E - a wand of digging (4)
 F - a wand of acid (10)
Scrolls
 b - 9 scrolls of identify {unknown}
 e - a scroll of fog {unknown}
 h - a scroll of vulnerability {unknown}
 i - 2 scrolls of fear {unknown}
 m - 2 scrolls of torment {unknown}
 q - 2 scrolls of acquirement {unknown}
 u - a scroll of brand weapon {unknown}
 w - a scroll of amnesia {unknown}
 x - a scroll of noise {unknown}
 y - 4 scrolls of teleportation {unknown}
Potions
 c - 2 potions of magic {unknown}
 d - 2 potions of heal wounds {unknown}
 f - 2 potions of mutation {unknown}
 j - 3 potions of attraction {unknown}
 k - a potion of lignification {unknown}
 l - a potion of haste {unknown}
 r - 2 potions of degeneration {unknown}
 z - 2 potions of flight {unknown}
 A - a potion of brilliance {unknown}
 D - a potion of curing {unknown}


   Skills:
 + Level 9.5 Fighting
 + Level 8.7 Maces & Flails
 + Level 9.1 Armour
 + Level 8.3 Dodging


You had 9 spell levels left.
You didn't know any spells.
Your spell library was empty.

Dungeon Overview and Level Annotations

Branches:
Dungeon (9/15)             Temple (1/1) D:4
   Lair: D:8-11         Orc: D:9-12

Altars:
Ashenzari
Cheibriados
Dithmenos
Elyvilon
Fedhas
Gozag
Hepliaklqana
Kikubaaqudgha
Makhleb
Nemelex Xobeh
Okawaru
Qazlal
Ru
Sif Muna
Uskayaw
Vehumet
Wu Jian
Xom
Yredelemnul
Zin
The Shining One

Shops:
D:1 :   D:3 *


Innate Abilities, Weirdness & Mutations

You can be seen from farther away. (+LOS)
You are amphibious.
You cover ground slowly.
You can hop short distances.


Message History

A killer bee and a two-headed ogre come into view.
The two-headed ogre is wielding a +0 vorpal dire flail and a +0 giant spiked club.
The two-headed ogre shouts in stereo!
The killer bee buzzes angrily.
You hear a bellow!
You hear a shout!
The two-headed ogre moves out of view.
The killer bee completely misses you.
The killer bee misses you. x2; The killer bee completely misses you.
The killer bee completely misses you. The killer bee misses you.
You hit the killer bee but do no damage.
The killer bee misses you.
You barely miss the two-headed ogre. You barely miss the two-headed ogre.
You hit the two-headed ogre. You burn the two-headed ogre.
The two-headed ogre is lightly wounded.
The two-headed ogre barely misses you.
The two-headed ogre hits you with a +0 giant spiked club!!
You hit the two-headed ogre. You burn the two-headed ogre.
The two-headed ogre is moderately wounded.
You barely miss the two-headed ogre.
The two-headed ogre is moderately wounded.
The two-headed ogre barely misses you. x2
You hit the two-headed ogre. You burn the two-headed ogre.
The two-headed ogre is moderately wounded.
You hit the two-headed ogre. You burn the two-headed ogre.
The two-headed ogre is heavily wounded.
The two-headed ogre misses you.
The two-headed ogre hits you with a +0 giant spiked club!!
You hit the two-headed ogre but do no damage.
The two-headed ogre is moderately wounded.
A yak comes into view.
You whack the two-headed ogre! You burn the two-headed ogre.
The two-headed ogre is severely wounded.
The two-headed ogre hits you with a +0 vorpal dire flail!
The two-headed ogre hits you with a +0 giant spiked club!!
* * * LOW HITPOINT WARNING * * *
A red film seems to cover your vision as you go berserk!
You feel yourself moving faster!
You feel mighty!
The two-headed ogre hits you with a +0 vorpal dire flail!
You die...

#. # #. #. #.##
.##..# O#..# ...#
.#### ..#
.....#########.###
...........@OyY..#
P...P.P..P######.#
.....P.P...# #.. #
..P...P.P..###.#
.P.PPP.P.P..##.#
P.P####.P.P.##.#
.. #......#(######
. #.........†...#
#P.P..#######.#


You could see a two-headed ogre, a yak and a killer bee.

Vanquished Creatures
  A centaur warrior (D:8)
  Pikel (D:4)
  Prince Ribbit (D:5)
  Sigmund (D:5)
  A yak (D:9)
  Edmund (D:5)
  2 water moccasins
  An orc warrior (D:7)
  2 sky beasts
  2 ogres
  3 necrophages
  A phantom (D:6)
  5 bullfrogs
  A wyvern zombie (D:7)
  A water moccasin zombie (D:6)
  3 scorpions
  2 bullfrog zombies
  A centaur zombie (D:8)
  5 jellies
  2 hounds
  3 centaur skeletons
  3 orc priests
  2 iguanas
  2 orc wizards
  Natasha (twice) (D:3 D:2)
  2 killer bee zombies (D:7)
  A hound skeleton (D:4)
  A howler monkey zombie (D:4)
  6 adders
  6 gnolls
  A shadow imp (D:7)
  A white imp (D:6)
  2 ufetubi
  An adder skeleton (D:4)
  A worm (D:3)
  2 dart slugs (D:4)
  21 orcs
  6 endoplasms
  6 giant cockroaches
  8 goblins
  3 hobgoblins
  9 jackals
  9 kobolds
  4 quokkas
  7 ball pythons
  2 bats
  2 frilled lizards (D:1)
  A rat (D:1)
151 creatures vanquished.

Vanquished Creatures (others)
  A fungus (D:9)
  15 plants
16 creatures vanquished.

Grand Total: 167 creatures vanquished

Notes
Turn   | Place    | Note
-------+----------+-------------------------------------------
     0 | D:1      | Dreamer the Barachi Berserker began the quest for the Orb.
     0 | D:1      | Reached XP level 1. HP: 18/18 MP: 1/1
   186 | D:1      | Reached XP level 2. HP: 25/25 MP: 2/2
   265 | D:1      | Found Nasisk's Book Shop.
   394 | D:1      | Reached XP level 3. HP: 7/30 MP: 3/3
  1090 | D:2      | Reached ** piety under Trog
  1331 | D:2      | Found a faded altar of an unknown god.
  1705 | D:3      | Noticed Natasha
  1715 | D:3      | Killed Natasha
  1716 | D:3      | Reached XP level 4. HP: 19/37 MP: 4/4
  1996 | D:3      | Noticed Natasha
  2016 | D:2      | Killed Natasha
  2417 | D:3      | Reached XP level 5. HP: 33/43 MP: 5/5
  2595 | D:3      | Found Voetifyo's Assorted Antiques.
  3127 | D:3      | Reached skill level 5 in Fighting
  3695 | D:4      | Found a white marble altar of Elyvilon.
  3710 | D:4      | Reached XP level 6. HP: 49/51 MP: 6/6
  3716 | D:4      | Found a staircase to the Ecumenical Temple.
  3727 | Temple   | Entered the Ecumenical Temple
  4250 | D:4      | Noticed Pikel
  4270 | D:4      | Killed Pikel
  4271 | D:4      | Reached skill level 5 in Maces & Flails
  4271 | D:4      | Reached skill level 5 in Armour
  4271 | D:4      | Reached XP level 7. HP: 34/58 MP: 7/7
  4441 | D:4      | Reached skill level 5 in Dodging
  4615 | D:4      | Reached XP level 8. HP: 55/65 MP: 8/8
  4996 | D:4      | Found a hide-covered altar of Uskayaw.
  5295 | D:5      | Entered Level 5 of the Dungeon
  5317 | D:4      | Reached *** piety under Trog
  5668 | D:5      | Noticed Prince Ribbit
  5955 | D:5      | Killed Prince Ribbit
  6169 | D:5      | Found a shimmering blue altar of Sif Muna.
  6191 | D:5      | Noticed Edmund
  6215 | D:5      | Killed Edmund
  6328 | D:5      | Noticed Sigmund
  6346 | D:5      | Killed Sigmund
  6347 | D:5      | Reached XP level 9. HP: 64/73 MP: 9/9
  6478 | D:5      | Found a radiant altar of Vehumet.
  7381 | D:7      | Found a glowing silver altar of Zin.
  7831 | D:7      | Reached **** piety under Trog
  8491 | D:8      | Noticed a cyclops
  8491 | D:8      | Noticed a centaur warrior
  8524 | D:8      | Killed a centaur warrior
  8525 | D:8      | Reached XP level 10. HP: 21/83 MP: 10/10
  8867 | D:8      | Noticed a cyclops
  9663 | D:9      | Noticed a two-headed ogre
  9677 | D:9      | HP: 3/83 [two-headed ogre/+0 vorpal dire flail (22)]
  9678 | D:9      | Mangled by a two-headed ogre

Illustrated notes

Levels and vault maps discovered:
D:1:      scummos_arrival_simple_fountains, layout_basic, serial_shops,
          nicolae_shop_crystal
D:2:      layout_loops_ring, basic_ecumenical_altar, serial_glass,
          glass_columns_b, glass_columns_a
D:3:      layout_basic, serial_shops, nicolae_shop_behind_doors,
          serial_bayou_ford_a, kennysheep_cluttered_room, uniq_natasha
D:4:      layout_basic, kennysheep_little_box, lemuel_tele_altar,
          minmay_temple_entry_mist, minmay_pentomino_pile, uniq_pikel
D:5:      layout_rooms, grunt_temple_overflow_open, uniq_edmund, uniq_sigmund,
          uniq_prince_ribbit1
D:6:      layout_basic
D:7:      layout_loops_ring, nicolae_overflow_hidden_temple
D:8:      layout_loops_corners, marbit_many_paths, corner_web_ring,
          minmay_radiant, uniq_psyche
D:9:      minmay_the_grid_triangle_9x9_rhombus_thin
          [minmay_the_grid_triangle_9x9_sparse_checkered,
          minmay_the_grid_triangle_9x9_prize_center,
          minmay_the_grid_triangle_9x9_skeleton,
          minmay_the_grid_triangle_9x9_stretched_checkered], layout_basic,
          grunt_lair_entry_orc_guard_hut, minmay_orc_entry_temple_small,
          minmay_splitting_lines, chequers_mini_garden
Temple:   eino_temple_rhombus

Skill      XL: |  1  2  3  4  5  6  7  8  9 10 |
---------------+-------------------------------+-----
Fighting       | 4 5 6 7 9 |  9.5
Armour         | 3 4 5 7 8 9 |  9.1
Dodging        | 3 4 5 6 8 |  8.3
Maces & Flails | 4 5 6 8 |  8.7

Action                   |  1- 3 |  4- 6 |  7- 9 | 10-12 || total
-------------------------+-------+-------+-------+-------++-------
Melee: Mace              |   101 |   177 |       |       ||   278
       Whip              |       |       |   427 |    83 ||   510
Invok: Berserk           |       |     1 |     3 |     1 ||     5
 Abil: Hop               |       |       |       |     2 ||     2
Armor: Animal skin       |    18 |       |       |       ||    18
       Ring mail         |    13 |     8 |       |       ||    21
       Chain mail        |       |   106 |   161 |    29 ||   296
Dodge: Dodged            |    89 |   105 |   188 |    64 ||   446

Table legend: (Time is in decaauts)
 A = Elapsed time spent in this place.
 B = Non-inter-level travel time spent in this place.
 C = Inter-level travel time spent in this place.
 D = Time resting spent in this place.
 E = Time spent auto-exploring this place.
 F = Levels seen in this place.
 G = Mean time per level.
                   A        B        C        D        E       F      G
               +--------+--------+--------+--------+--------+-----+--------+
         Total |  10521 |  10315 |    206 |   3317 |   4876 |  10 | 1052.1 |
       Dungeon |  10220 |  10039 |    181 |   3317 |   4605 |   9 | 1135.6 |
        Temple |    300 |    275 |     25 |      0 |    271 |   1 |  300.0 |
               +--------+--------+--------+--------+--------+-----+--------+

Top non-repeatable levels by time:
     D:4: 1752 daAuts
     D:2: 1576 daAuts
     D:3: 1514 daAuts
     D:7: 1164 daAuts
     D:5: 1071 daAuts
     D:1: 1064 daAuts
     D:6: 860 daAuts
     D:8: 704 daAuts
     D:9: 510 daAuts
  Temple: 300 daAuts
